cohdb
Replays
Latest Replays
All Replays
Popular Replays
Top Player Replays
Match Explorer
How It Works
Community
CoH3 Stats
Reddit
Sign in to upload your games and track your stats! →
Sign in with Steam
Match 40612831
Unlisted
Match 40612831
Overview
Messages
Build Orders
End
Vickers Machine Gun Team
Construct Section Command Post
Dingo Light Scout Car
Infantry Section
Infantry Section
Infantry Section
Infantry Section
Construct Field Infirmary
Construct Platoon Command Post
Humber Armored Car
6-pounder Anti-tank Gun Team
Unlock Bishop Self-propelled Artillery
Selects Air and Sea Battlegroup
Selects Air and Sea Battlegroup
Selects Supply Surplus
Selects UNKNOWN (223837)
ML 3-inch Mortar Team
Selects Commando Section Paradrop
Selects M1 Pack Howitzer Paradrop
Bishop Self-propelled Artillery
6-pounder Anti-tank Gun Team
sharpshooter
Mr.Nobody
CAuMOH
eliass0101
0
0
Comments
sign in to comment!
No comments posted yet!